 Dungeon Crawl Stone Soup version 0.31.0-11-ge490571c62 (webtiles) character file.

Game seed: 12067203258679996099

36 Rassilon the Grave Robber (level 3, -2/24 HPs)
             Began as a Mummy Necromancer on Feb 10, 2024.
             Slain by Sigmund
             ... wielding a +0 scythe
              (7 damage)
             ... on level 2 of the Dungeon.
             The game lasted 00:06:39 (1157 turns).

Rassilon the Grave Robber (Mummy Necromancer)       Turns: 1157, Time: 00:06:39

Health: -2/24      AC:  3    Str: 11    XL:     3   Next: 19%
Magic:  4/7        EV: 12    Int: 16    God:
Gold:   67         SH:  0    Dex: 12    Spells: 2/8 levels left

rFire   x . .        f - +3 dagger
rCold   + . .        (no shield)
rNeg    + + +        a - +0 robe
rPois   ∞            (no helmet)
rElec   .            h - +0 cloak
rCorr   .            (no gloves)
SInv    .            (no boots)
Will    .....        (no amulet)
Stlth   ++           (no ring)
HPRegen 0.24/turn    (no ring)
MPRegen 0.10/turn

%: faith
@: no status effects
A: cold resistance 1, negative energy resistance 3, torment resistance 2, heat
vulnerability 1, in touch with death 1, no potions, faith
a: no special abilities


You were on level 2 of the Dungeon.
You visited 1 branch of the dungeon, and saw 2 of its levels.

You collected 67 gold pieces.

Inventory:

Hand Weapons
 f - a +3 dagger (weapon)
Missiles
 e - 4 atropa-tipped darts
Armour
 a - a +0 robe (worn)
 h - a +0 cloak (worn)
Scrolls
 c - 2 scrolls of identify {unknown}
 d - a scroll of blinking {unknown}
 g - a scroll of acquirement {unknown}


   Skills:
 + Level 0.3 Throwing
 + Level 2.0 Dodging
 - Level 1.5 Stealth
 + Level 3.2 Spellcasting
 * Level 4.5 Necromancy


You had 2 spell levels left.
You knew the following spells:

 Your Spells              Type           Power      Damage    Failure   Level
a - Necrotise             Necr           100%       1d9       2%          1
b - Vampiric Draining     Necr           25%        2d7       9%          3
c - Blink                 Tloc           4%         N/A       28%         2

Your spell library contained the following spells:

 Spells                   Type           Power      Damage    Failure   Level
 Lesser Beckoning         Tloc           4%         N/A       28%         2
 Momentum Strike          Conj/Tloc      4%         3d8       28%         2
 Animate Dead             Necr           25%        N/A       28%         4
 Curse of Agony           Necr           25%        N/A       61%         5


Dungeon Overview and Level Annotations

Branches:
Dungeon (2/15)

Altars:

Annotations:
D:2 Sigmund


Innate Abilities, Weirdness & Mutations

You are immune to poison.
Your flesh is cold resistant. (rC+)
You are immune to negative energy. (rN+++)
You are immune to unholy pain and torment.
You are vulnerable to heat. (rF-)
You are in touch with the powers of death.
You do not drink.
You have a special connection with the divine. (Faith)


Message History

Casting: Necrotise (safe; 2% risk of failure)
Confirm with . or Enter, or press ? or * to list all spells.
You can't see any susceptible monsters within range! (Use Z to cast anyway.) Throw: 6 darts (poison)
Press: ? - help, Q - select action, (/) - cycle Shift-Dir - straight line, f - Sigmund
Aim: Sigmund, wielding a +0 scythe and wearing a +2 robe of fire resistance (ally target, 47% to hit)
You throw a poisoned dart. The poisoned dart hits Sigmund.
Sigmund mumbles some strange words.
Sigmund flickers and vanishes!
Deactivating autopickup; reactivate with Ctrl-A.
Throw: 5 darts (poison)
Press: ? - help, Q - select action, (/) - cycle Shift-Dir - straight line You throw a poisoned dart.
A magic dart appears from out of thin air!
The magic dart hits you!
Throw: 4 darts (poison)
Press: ? - help, Q - select action, (/) - cycle Shift-Dir - straight line You throw a poisoned dart.
Throw: 3 darts (poison)
Press: ? - help, Q - select action, (/) - cycle Shift-Dir - straight line You throw a poisoned dart.
Throw: 2 darts (poison)
Press: ? - help, Q - select action, (/) - cycle Shift-Dir - straight line You throw a poisoned dart.
Throw: dart (poison)
Press: ? - help, Q - select action, (/) - cycle Shift-Dir - straight line You throw a poisoned dart.
Something hits you. Something hits you!
* * * LOW HITPOINT WARNING * * *
You hit something.
Casting: Necrotise (safe; 2% risk of failure)
Confirm with . or Enter, or press ? or * to list all spells.
You can't see any susceptible monsters within range! (Use Z to cast anyway.)
Casting: Necrotise (safe; 2% risk of failure)
Confirm with . or Enter, or press ? or * to list all spells.
Aiming: Necrotise (safe; 2% risk of failure)
Press: ? - help, Shift-Dir - straight line You feel a surge of power!
Something writhes in agony!
Something hits you!
You die...

.... ... ######## ..
#......# . . ###.#
#......##.. .......
#.........#
....#..####......#...
......†.Z##..........
.........@{(.((.....#
....#####.###..###### .
....###.## ...
###.....##### ..#
####.........####### #.#
#######.....##..##........
#.#
#...........###.#########.
#.# #....)......# #.# #.#
#...........###.##


You could see a friendly ball python skeleton.

Vanquished Creatures
  2 dart slugs (D:2)
  3 ball pythons
  7 bats
  An endoplasm (D:2)
  2 giant cockroaches (D:1)
  A goblin (D:2)
  4 hobgoblins
  2 kobolds (D:1)
  3 frilled lizards
  A rat (D:1)
26 creatures vanquished.

Vanquished Creatures (collateral kills)
  An endoplasm (D:2)
  A goblin (D:2)
2 creatures vanquished.

Grand Total: 28 creatures vanquished

Notes
Turn   | Place    | Note
-------+----------+-------------------------------------------
     0 | D:1      | Rassilon the Mummy Necromancer began the quest for the Orb.
     0 | D:1      | Reached XP level 1. HP: 13/13 MP: 4/4
   198 | D:1      | Reached XP level 2. HP: 19/19 MP: 3/5
  1001 | D:2      | Reached XP level 3. HP: 24/24 MP: 5/7
  1125 | D:2      | Noticed Sigmund
  1132 | D:2      | Learned a level 3 spell: Vampiric Draining
  1135 | D:2      | Learned a level 2 spell: Blink
  1157 | D:2      | Slain by Sigmund

Illustrated notes

Levels and vault maps discovered:
D:1:      amcnicky_arrival_double_pillar, layout_loops_ring, minmay_pentomino_p2
D:2:      minmay_evil_eye, layout_rooms, uniq_sigmund

Skill      XL: |  1  2  3 |
---------------+----------+-----
Spellcasting   | 3 |  3.2
Dodging        | 2 |  2.0
Throwing       | |  0.3
Stealth        | |  1.5
Necromancy     | |  4.5

Action                     || total
---------------------------++-------
  Melee: Unarmed           ||    15
         Punch             ||     1
         Dagger            ||     6
  Throw: Dart              ||     8
   Cast: Necrotise         ||    38
 Armour: Robe              ||    21
  Dodge: Dodged            ||    24
